 Dungeon Crawl Stone Soup version 0.18.1-5-g4a78601 (webtiles) character file.

1768 PossumBlood the Cleaver (level 8, -2/64 HPs)
             Began as a Minotaur Fighter on May 10, 2016.
             Killed from afar by an electric eel (8 damage)
             ... with a bolt of electricity
             ... on level 6 of the Dungeon.
             The game lasted 00:11:43 (4779 turns).

PossumBlood the Cleaver (Minotaur Fighter)          Turns: 4779, Time: 00:11:44

Health: -2/64      AC:  9    Str: 23    XL:     8   Next: 80%
Magic:  7/7        EV: 10    Int:  5    God:
Gold:   109        SH:  9    Dex: 10    Spells: 0 memorised, 7 levels left

rFire  + . .     SeeInvis .     a - +1 war axe
rCold  x . .     Gourm    .     b - +0 scale mail
rNeg   . . .     Faith    .     c - +0 shield
rPois  .         Spirit   .     (helmet restricted)
rElec  .         Dismiss  .     (no cloak)
rCorr  .         Reflect  .     l - +1 pair of gloves
SustAt .         Harm     .     (no boots)
MR     .....                    (no amulet)
Stlth  ..........               h - ring of wizardry
                                p - ring of fire

@: not resistant to hostile enchantments, extremely unstealthy
A: retaliatory headbutt, horns 2
a: no special abilities


You were on level 6 of the Dungeon.
You were not hungry.

You visited 1 branch of the dungeon, and saw 6 of its levels.

You collected 356 gold pieces.
You spent 247 gold pieces at shops.

Inventory:

Hand Weapons
 a - a +1 war axe (weapon)
Armour
 b - a +0 scale mail (worn)
 c - a +0 shield (worn)
 l - a +1 pair of gloves (worn)
Jewellery
 h - a ring of wizardry (right hand)
 p - a ring of fire (left hand)
Wands
 t - a wand of teleportation (5/9)
 u - a wand of flame (17/48)
 y - a wand of flame (30/48)
Scrolls
 f - a scroll of enchant armour
 q - 4 scrolls of teleportation
 r - a scroll of magic mapping
 s - 2 scrolls of identify
 v - a scroll of enchant weapon
Potions
 d - 3 potions of might
 e - a potion of cure mutation
 g - 4 potions of degeneration {unknown}
 i - 3 potions of lignification {unknown}
 j - 5 potions of curing
 k - 2 potions of agility
 m - 2 potions of flight {unknown}
 o - a potion of berserk rage {unknown}
 x - a potion of resistance
 z - a potion of heal wounds {unknown}
Comestibles
 n - 3 meat rations


   Skills:
 - Level 3.6 Fighting
 * Level 11.0 Axes
 - Level 3.6 Armour
 - Level 6.7 Dodging
 - Level 1.8 Stealth
 - Level 3.6 Shields


You had 7 spell levels left.
You didn't know any spells.

Dungeon Overview and Level Annotations

Branches:
Dungeon (6/15)
 Temple: D:4-7

Altars:
Nemelex Xobeh
Yredelemnul
The Shining One

Shops:
D:4 (!=!


Innate Abilities, Weirdness & Mutations

You reflexively headbutt those who attack you in melee.
You have a pair of horns on your head.


Message History

You hear a splashing noise.
You see here a jackal corpse.
The electric eel shoots out a bolt of lightning at you!
The bolt of electricity hits the plant.
The bolt of electricity hits you! x2
The electric eel shoots out a bolt of lightning at you!
The bolt of electricity hits the plant.
The bolt of electricity hits you!
* * * LOW HITPOINT WARNING * * *
You enter the shallow water.
Moving in this stuff is going to be slow.
The electric eel shoots out a bolt of lightning at you!
The bolt of electricity misses you.
You closely miss the electric eel. You hit the plant but do no damage.
The plant is heavily damaged.
The electric eel shoots out a bolt of lightning at you!
The bolt of electricity hits you!
* * * LOW HITPOINT WARNING * * *
Your unstable footing causes you to fumble your attack.
The electric eel shoots out a bolt of lightning at you!
The bolt of electricity hits you!
You die...

♣≈≈≈≈≈P#.#
♣≈≈≈P≈≈♣.#
♣≈≈P≈≈≈♣.#
♣♣♣≈≈P≈P≈♣†#
♣P≈≈≈≈≈≈P≈.#
≈≈≈≈≈≈≈h≈♣.#
≈P≈≈≈≈≈≈≈..#
...........#
≈≈≈PPPP@≈..#
≈≈≈≈≈≈;≈♣###
≈≈≈≈≈P≈♣#
≈≈≈≈≈♣≈
≈≈≈♣♣≈# ≈♣
♣#


You could see an electric eel and a jackal.

Vanquished Creatures
  Grinder (D:3)
  Edmund (D:4)
  Duvessa (D:4)
  2 ice beasts (D:5)
  A sky beast (D:5)
  A centaur (D:5)
  A giant frog (D:6)
  Dowan (D:4)
  A scorpion (D:4)
  A giant frog zombie (D:5)
  4 crimson imps
  A quasit (D:5)
  2 orc priests (D:4)
  2 hounds
  An iguana (D:4)
  Natasha (thrice) (D:4)
  2 worker ants (D:5)
  Robin (D:3)
  8 gnolls
  10 adders
  2 river rats (D:5)
  An ooze (D:1)
  5 worms
  A dart slug (D:4)
  7 giant geckos
  5 orcs
  3 ball pythons
  8 bats
  5 giant cockroaches
  8 hobgoblins
  4 jackals (D:3)
  A quokka (D:2)
  A giant gecko skeleton (D:5)
  2 giant newts
  18 goblins
  6 kobolds
  39 rats
161 creatures vanquished.

Vanquished Creatures (others)
  2 jackals (D:6)
2 creatures vanquished.

Grand Total: 163 creatures vanquished

Notes
Turn   | Place    | Note
--------------------------------------------------------------
     0 | D:1      | PossumBlood the Minotaur Fighter began the quest for the Orb.
     0 | D:1      | Reached XP level 1. HP: 19/19 MP: 0/0
    68 | D:1      | Reached skill level 3 in Axes
    93 | D:1      | Reached XP level 2. HP: 21/26 MP: 1/1
   279 | D:1      | Reached skill level 1 in Dodging
   677 | D:2      | Reached skill level 4 in Axes
   677 | D:2      | Reached XP level 3. HP: 27/31 MP: 2/2
  1027 | D:2      | Reached XP level 4. HP: 39/39 MP: 3/3
  1192 | D:2      | Reached skill level 5 in Axes
  1359 | D:3      | Noticed Grinder
  1362 | D:3      | Paralysed by Grinder for 6 turns
  1371 | D:3      | Paralysed by Grinder for 5 turns
  1379 | D:3      | Paralysed by Grinder for 4 turns
  1387 | D:3      | Killed Grinder
  1387 | D:3      | Reached skill level 6 in Axes
  1387 | D:3      | Reached XP level 5. HP: 12/45 MP: 4/4
  1387 | D:3      | Reached XP level 6. HP: 13/51 MP: 5/5
  1679 | D:3      | Reached skill level 1 in Stealth
  1698 | D:3      | Reached skill level 7 in Axes
  1748 | D:3      | Noticed Robin
  1766 | D:3      | Killed Robin
  2168 | D:4      | Noticed Natasha
  2172 | D:4      | Killed Natasha
  2190 | D:4      | Reached XP level 7. HP: 12/57 MP: 6/6
  2441 | D:4      | Noticed Natasha
  2450 | D:4      | Killed Natasha
  2450 | D:4      | Reached skill level 8 in Axes
  2508 | D:4      | Noticed Edmund
  2527 | D:4      | Killed Edmund
  2562 | D:4      | Found Pirerigi's Distillery.
  2565 | D:4      | Bought a potion of curing for 39 gold pieces
  2674 | D:4      | Found Aneogih's Jewellery Shop.
  2684 | D:4      | Noticed Natasha
  2688 | D:4      | Killed Natasha
  2747 | D:4      | Found Boninnir's Weapon Boutique.
  2830 | D:4      | Noticed Duvessa
  2830 | D:4      | Noticed Dowan
  2832 | D:4      | Reached skill level 9 in Axes
  2845 | D:4      | Killed Duvessa
  2846 | D:4      | Killed Dowan
  3103 | D:4      | Found Xoggeck's Distillery.
  3112 | D:4      | Bought a potion of curing for 39 gold pieces
  3112 | D:4      | Bought a potion of curing for 39 gold pieces
  3112 | D:4      | Bought a potion of resistance for 130 gold pieces
  3339 | D:5      | Entered Level 5 of the Dungeon
  3361 | D:5      | Reached XP level 8. HP: 35/64 MP: 7/7
  3521 | D:5      | Reached skill level 5 in Dodging
  3543 | D:5      | Reached skill level 10 in Axes
  3793 | D:5      | Found a glowing golden altar of the Shining One.
  4153 | D:5      | Found a sparkling altar of Nemelex Xobeh.
  4290 | D:5      | Found a basalt altar of Yredelemnul.
  4295 | D:5      | Noticed a profane servitor
  4483 | D:5      | Noticed an angel
  4588 | D:6      | Reached skill level 11 in Axes
  4779 | D:6      | Killed from afar by an electric eel

Skill      XL: |  1  2  3  4  5  6  7  8 |
---------------+-------------------------+-----
Axes           | 3 4 6 7 9 11 | 11.0
Dodging        | 1 2 3 4 6 |  6.7
Stealth        | 1 |  1.8
Fighting       | |  3.6
Armour         | |  3.6
Shields        | |  3.6

Action                   |  1- 3 |  4- 6 |  7- 9 || total
-------------------------+-------+-------+-------++-------
Melee: War axe           |    85 |   135 |   172 ||   392
       Headbutt          |    17 |    16 |    36 ||    69
  Use: Scroll            |     7 |     1 |     2 ||    10
       Potion            |       |     1 |       ||     1
  Eat: Bread ration      |       |     1 |     1 ||     2
       Beef jerky        |       |       |     2 ||     2
       Pizza             |       |       |     1 ||     1
Armor: Scale mail        |    39 |    54 |    43 ||   136
Dodge: Dodged            |    16 |    40 |    51 ||   107
Block: Shield            |    43 |    63 |    67 ||   173
